AoeStats
← encore

Arabia

513575813Analyzed
2v2 RM · 1d ago on Oct 14, 2026· 14m 16s· 4 players
Game mode
Random Map
Map size
Medium (4 player)
Population
200
Speed
Normal
Resources
Standard
Victory
Conquest
Starting age
Dark Age
Ending age
Imperial Age
RankedLock teamsTeams togetherTeam positionsShared explorationLock speedFull tech treeHidden civsTurbo modeCheats
Victory
Defeat
🇩🇪 Sicilians · Germany
1514
+8
🇨🇿 Celts · Czechia
1333
+14
vs
🇫🇷 Tatars · France
1368
-13
🇧🇷 Wu · Brazil
1246
-9
lefournion
6:37 Loom
9:10 Feudal Age
10:05 Double-Bit Axe
12:13 Wheelbarrow
vgmSTyLe
7:20 Loom
9:27 Feudal Age
10:12 Double-Bit Axe
10:15 Horse Collar
encore
6:34 Loom
9:15 Feudal Age
9:47 Double-Bit Axe
HellOnion
6:52 Loom
9:18 Feudal Age
9:33 Man-at-Arms
10:28 Double-Bit Axe
12:42 Town Watch
13:36 Arson
13:51 Horse Collar
Connection lost

Rejoining the realm…

Still unreachable

The connection could not be restored.

Session expired

The server has moved on; the page needs a fresh start.